 Dungeon Crawl Stone Soup version 0.27.0-1-g7a089689b8 (webtiles) character file.

Game seed: 6304887796096933442

13 avis the Chopper (level 2, 0/26 HPs)
             Began as a Hill Orc Monk on Aug 2, 2021.
             Slain by a kobold (7 damage)
             ... on level 1 of the Dungeon.
             The game lasted 00:01:43 (561 turns).

avis the Chopper (Hill Orc Monk)                     Turns: 561, Time: 00:01:43

Health: 0/26       AC:  3    Str: 13    XL:     2   Next: 37%
Magic:  2/2        EV: 12    Int: 10    God:
Gold:   53         SH:  0    Dex: 13    Spells: 1/1 levels left

rFire    . . .     SeeInvis .   a - +0 hand axe
rCold    . . .     Faith    .   (no shield)
rNeg     . . .     Spirit   .   c - +0 leather armour
rPois    .         Reflect  .   (no helmet)
rElec    .         Harm     .   (no cloak)
rCorr    .         Rampage  .   (no gloves)
Will     .....                  (no boots)
Stlth    ++........             (no amulet)
HPRegen  0.08/turn              (no ring)
MPRegen  0.08/turn              (no ring)

@: no status effects
A: no striking features
a: no special abilities


You were on level 1 of the Dungeon.
You visited 1 branch of the dungeon, and saw 1 of its levels.

You collected 53 gold pieces.

Inventory:

Hand Weapons
 a - a +0 hand axe (weapon)
Armour
 b - a +0 robe
 c - a +0 leather armour (worn)
Scrolls
 d - 2 scrolls of identify {unknown}
 e - 2 scrolls of blinking {unknown}
 f - a scroll of magic mapping {unknown}
 g - a scroll of amnesia {unknown}


   Skills:
 - Level 3.6 Fighting
 * Level 5.0 Axes
 - Level 2.4 Dodging
 - Level 1.5 Stealth


You had one spell level left.
You didn't know any spells.
Your spell library was empty.

Dungeon Overview and Level Annotations

Branches:
Dungeon (1/15)

Altars:

Shops:
D:1 ?


Message History

Your Axes skill increases to level 5!
Things that are here:
a +0 short sword; a bat corpse
Found Kuifit's Magic Scroll Boutique.
There is an entrance to Kuifit's Magic Scroll Boutique here.
You can access your shopping list by pressing '$'.
Found a dagger.
A rat comes into view.
The rat moves out of view.
A rat is nearby!
You barely miss the rat. The rat bites you.
You closely miss the rat. The rat misses you.
You hit the rat but do no damage. The rat barely misses you.
You slash the rat!
You kill the rat!
You see here a rat corpse.
Found a stone staircase leading down.
There is a stone staircase leading down here.
A kobold comes into view. It is wielding a +4 short sword.
A frilled lizard comes into view.
You see here 11 gold pieces.
You now have enough gold to buy a scroll of magic mapping on this level.
You can access your shopping list by pressing '$'.
You now have 53 gold pieces (gained 11).
You barely miss the kobold.
The kobold hits you with a +4 short sword.
You hit the kobold.
The kobold is heavily wounded.
The kobold hits you with a +4 short sword!
You barely miss the kobold.
The kobold is heavily wounded.
The kobold hits you with a +4 short sword.
You miss the kobold.
The kobold is heavily wounded.
The kobold hits you with a +4 short sword.
* * * LOW HITPOINT WARNING * * *
You hit the kobold but do no damage.
The kobold is heavily wounded.
The kobold hits you with a +4 short sword!
You die...

...# ### ###..# ...
....# ## ###...# # ...
.....# .# .#. #...# .#
## #####.lK#..# ^.
.......@#..### ###
###..........# (.
#####.#.#.#..#.# #
..........##.#
........#.##.#
..#.####........# ..#.#
#........#
####..#.####.######.#.#
..............>.......#


You could see a kobold and a frilled lizard.

Vanquished Creatures
  2 endoplasms (D:1)
  A giant cockroach (D:1)
  A hobgoblin (D:1)
  2 jackals (D:1)
  A kobold (D:1)
  A quokka (D:1)
  A bat (D:1)
  2 rats (D:1)
11 creatures vanquished.

Vanquished Creatures (others)
  2 plants (D:1)
2 creatures vanquished.

Grand Total: 13 creatures vanquished

Notes
Turn   | Place    | Note
-------+----------+-------------------------------------------
     0 | D:1      | avis the Hill Orc Monk began the quest for the Orb.
     0 | D:1      | Reached XP level 1. HP: 19/19 MP: 1/1
   162 | D:1      | Reached XP level 2. HP: 21/26 MP: 2/2
   248 | D:1      | Found a faded altar of an unknown god.
   421 | D:1      | Reached skill level 5 in Axes
   475 | D:1      | Found Kuifit's Magic Scroll Boutique.
   561 | D:1      | Slain by a kobold

Illustrated notes

Levels and vault maps discovered:
D:1:      dpeg_arrival_concentric_ovals, layout_basic, serial_shops, shop,
          shapermc_ecumenical_altar_mp_ritualfount, minmay_misc_feat_square

Skill      XL: |  1  2 |
---------------+-------+-----
Axes           | 5 |  5.0
Fighting       | |  3.6
Dodging        | |  2.4
Stealth        | |  1.5

Action                   || total
-------------------------++-------
Melee: Hand axe          ||    39
 Stab: Sleeping          ||     2
Armor: Leather armour    ||    10
Dodge: Dodged            ||    16
